[Event "*** Titled Tuesday Blitz"]
[Site "Chess.com"]
[Date "2018.09.04"]
[Round "1"]
[White "Winehouse83"]
[Black "Quiet_Desperation"]
[Result "1-0"]
[WhiteElo "2463"]
[BlackElo "1881"]
[TimeControl "180+2"]
[EndTime "13:38:00 PDT"]
[Termination "Winehouse83 won by resignation"]

1. d4 Nf6 2. c4 e6 3. Nf3 Bb4+ 4.
Nbd2 b6 5. a3 Bxd2+ 6. Qxd2 Bb7 7.
g3 O-O 8. Bg2 Ne4 9. Qc2 f5 10.
O-O a5 11. Ng5 Nxg5 12. Bxb7 Ra7 13. Bg2 Nc6 14. d5 Nd4 15. Qd1 c5 16. e3 e5 17.
exd4 cxd4 18. f4 exf4 19. Bxf4 Ne4 20. Bxe4 fxe4 21. Qxd4 Rc7 1-0

[Event "*** Titled Tuesday Blitz"]
[Site "Chess.com"]
[Date "2018.09.04"]
[Round "1"]
[White "TheRigos"]
[Black "BilodeauA"]
[Result "0-1"]
[WhiteElo "2414"]
[BlackElo "2773"]
[TimeControl "180+2"]
[EndTime "13:38:04 PDT"]
[Termination "BilodeauA won by resignation"]

1. e4 c5 2. Nf3 Nc6 3. d4 cxd4 4. Nxd4 Nf6 5. Nc3 d6 6. Bg5 e6 7. Qd2 a6 8. O-O-O Bd7 9. f4 b5 10. Nxc6 Bxc6 11. e5 dxe5 12. Qxd8+ Rxd8 13. Rxd8+ Kxd8 14. fxe5 h6 15. Bh4 g5 16. exf6 gxh4 17. Rg1 Bc5 18. Rh1 h3 0-1

[Event "*** Titled Tuesday Blitz"]
[Site "Chess.com"]
[Date "2018.09.04"]
[Round "1"]
[White "jacky72"]
[Black "335394862"]
[Result "1-0"]
[WhiteElo "2668"]
[BlackElo "2332"]
[TimeControl "180+2"]
[EndTime "13:38:38 PDT"]
[Termination "jacky72 won by resignation"]

1. d4 Nf6 2. c4 g6 3. Nc3 c5 4. d5 Bg7 5. e4 d6 6. Bd3 O-O 7.
h3 e6 8. Nf3 exd5 9. exd5 Re8+ 10. Be3 Nbd7 11. O-O Ne5 12. Nxe5 Rxe5 13. Qd2 Nd7 14.
Bf4 a6 15. Bxe5 Nxe5 16. Be2 h5 17. f4 Nd7 18. f5 Qh4 19. fxg6 fxg6 20. Rf4 Qg3 21. Ne4 Bd4+ 22. Kh1 Qe3 23. Qxe3 Bxe3 24. Rf3 Bd4 25. Nxd6 Ne5 26. Rff1 Bxb2 27. Rab1 Bd4 28. Nxc8 Rxc8 29. Rxb7 a5 30. d6 Rd8 31. Rb6 Nf7 32. Bf3 Nxd6 33. Bd5+ Kg7 34. Ra6 Bc3 35. Ra7+ Kh6 36.
g4 hxg4 37. hxg4 Kg5 38. Kg2 Re8 39. Rd7 Be5 40. Re1 Kf6 41. Rxd6+ 1-0

[Event "*** Titled Tuesday Blitz"]
[Site "Chess.com"]
[Date "2018.09.04"]
[Round "1"]
[White "NateSolon"]
[Black "Eliwood44"]
[Result "1-0"]
[WhiteElo "2513"]
[BlackElo "2169"]
[TimeControl "180+2"]
[EndTime "13:39:11 PDT"]
[Termination "NateSolon won by resignation"]

1. d4 Nf6 2. Bg5 Ne4 3. Bf4 d5 4. e3 c5 5. Bd3 Nf6 6. c3 Nc6 7. Nf3 e6 8. Nbd2 Bd6 9. Bg3 O-O 10.
Qe2 b6 11. e4 dxe4 12. Nxe4 Bxg3 13. hxg3 g6 14. dxc5 Bb7 15. O-O-O Nxe4 16. Bxe4 Qf6 17. Rd7 Rab8 18. cxb6 axb6 19. Rxb7 Rxb7 20. Bxc6 Rc7 21.
Be4 Rfc8 22. Kb1 Rc4 23. Bd3 R4c7 24. Qe3 Ra7 25. Qh6 Rca8 26. Qxh7+ Kf8 27. Qh8+ Ke7 28.
Qxf6+ Kxf6 29. a3 1-0

[Event "*** Titled Tuesday Blitz"]
[Site "Chess.com"]
[Date "2018.09.04"]
[Round "1"]
[White "GMBenjaminBok"]
[Black "jeetjain"]
[Result "1-0"]
[WhiteElo "2632"]
[BlackElo "2300"]
[TimeControl "180+2"]
[EndTime "13:39:16 PDT"]
[Termination "GMBenjaminBok won by resignation"]

1. c4 e6 2. Nc3 d5 3. d4 Be7 4.
cxd5 exd5 5. Bf4 Nf6 6. e3 O-O 7. Bd3 Nbd7 8. Nf3 c5 9. O-O b6 10. Qe2 Bb7 11. Rfd1 Re8 12. dxc5 bxc5 13. Ba6 Bxa6 14.
Qxa6 Nb6 15. b3 Qc8 16. Qxc8 Raxc8 17. Rac1 h6 18. Nb5 a6 19. Nd6 Bxd6 20. Bxd6 Nbd7 21.
Kf1 Rc6 22. Bf4 a5 23. Nd4 Ra6 24. Nb5 Rc8 25. Nc7 Ra7 26. Nxd5 a4 27. Ne7+ 1-0

[Event "*** Titled Tuesday Blitz"]
[Site "Chess.com"]
[Date "2018.09.04"]
[Round "1"]
[White "Schachmalanders"]
[Black "Aryangholami"]
[Result "0-1"]
[WhiteElo "2393"]
[BlackElo "2731"]
[TimeControl "180+2"]
[EndTime "13:39:25 PDT"]
[Termination "Aryangholami won by resignation"]

1. e4 c5 2. c3 Nf6 3. e5 Nd5 4. d4 cxd4 5. Nf3 e6 6. cxd4 d6 7. Nc3 Nxc3 8. bxc3 Qc7 9. Bd2 Nd7 10. exd6 Bxd6 11.
Bd3 O-O 12. O-O b6 13. Re1 Bb7 14. Ne5 Nxe5 15. dxe5 Bc5 16. Bg5 Be7 17. Bxe7 Qxe7 18. Re3 Rfd8 19. Qh5 g6 20. Qh6 Qf8 21. Qh4 Rac8 22. f4 Qc5 23. Re1 Rxd3 0-1

[Event "*** Titled Tuesday Blitz"]
[Site "Chess.com"]
[Date "2018.09.04"]
[Round "1"]
[White "ahmadzada13"]
[Black "AlexZambrano"]
[Result "1-0"]
[WhiteElo "2623"]
[BlackElo "2290"]
[TimeControl "180+2"]
[EndTime "13:39:29 PDT"]
[Termination "ahmadzada13 won by resignation"]

1. e4 e6 2. d4 d5 3. Nd2 Nf6 4. e5 Nfd7 5. Bd3 c5 6. c3 Nc6 7. Ne2 cxd4 8. cxd4 f6 9. exf6 Qxf6 10. Nf3 h6 11.
O-O Bd6 12. Ng3 O-O 13. Re1 Rd8 14. Be3 Nf8 15. Nh5 Qf7 16. Ne5 Nxe5 17. dxe5 Bxe5 18. Qg4 Kh8 19. Bg5 hxg5 20. Rxe5 Bd7 21. Qh3 Kg8 22. Rxg5 e5 23. Qh4 e4 24. Rxg7+ Qxg7 25. Nxg7 Kxg7 26.
Qg5+ Ng6 27. Be2 Be6 28. h4 1-0

[Event "*** Titled Tuesday Blitz"]
[Site "Chess.com"]
[Date "2018.09.04"]
[Round "1"]
[White "ZatonskihAnna"]
[Black "SaraciNderim"]
[Result "0-1"]
[WhiteElo "2112"]
[BlackElo "2513"]
[TimeControl "180+2"]
[EndTime "13:40:03 PDT"]
[Termination "SaraciNderim won by resignation"]

1. e4 c5 2. g3 g6 3. Bg2 Bg7 4.
d3 d6 5. f4 Nc6 6. Nf3 h5 7. h3 Nd4 8. O-O Rb8 9. Ng5 b5 10. c3 Ne6 11. Nf3 Nc7 12. d4 b4 13.
dxc5 dxc5 14. Qxd8+ Kxd8 15. Rd1+ Ke8 16. Be3 bxc3 17.
bxc3 Na6 18. e5 Nh6 19. Ng5 Bb7 20. Bf1 Nf5 21. Bf2 Nc7 22. Bxc5 Nxg3 23. Bxa7 Ra8 24. Bb6 Nxf1 25. Bxc7 Ne3 26. Rd2 Nd5 27. Rd4 Nxc7 0-1

[Event "*** Titled Tuesday Blitz"]
[Site "Chess.com"]
[Date "2018.09.04"]
[Round "1"]
[White "Sven_Tica"]
[Black "ItalianMachine"]
[Result "1-0"]
[WhiteElo "2656"]
[BlackElo "2317"]
[TimeControl "180+2"]
[EndTime "13:40:09 PDT"]
[Termination "Sven_Tica won by resignation"]

1. d4 Nf6 2. c4 g6 3. Nc3 Bg7 4. Bf4 O-O 5. e3 d6 6. h3 c5 7. Nf3 Nc6 8. d5 Nb8 9. Be2 Nfd7 10. O-O Na6 11. Bh2 Nc7 12. e4 Rb8 13. Qd2 a6 14. a4 b5 15. axb5 axb5 16. cxb5 h6 17. Rfe1 Kh7 18. Bf1 Ne5 19. Nxe5 dxe5 20. Bc4 Qd6 21. Ra5 Bd7 22. Rea1 Rb7 23. Ra7 Rfb8 24.
Rxb7 Rxb7 25. Qe2 f5 26. exf5 gxf5 27. Re1 f4 28. Ne4 Qg6 29. Nxc5 1-0

[Event "*** Titled Tuesday Blitz"]
[Site "Chess.com"]
[Date "2018.09.04"]
[Round "1"]
[White "HonzaVykouk"]
[Black "joejan"]
[Result "1-0"]
[WhiteElo "2544"]
[BlackElo "2207"]
[TimeControl "180+2"]
[EndTime "13:40:14 PDT"]
[Termination "HonzaVykouk won by resignation"]

1. e4 c5 2. Nf3 d6 3. d4 cxd4 4. Nxd4 Nf6 5. Nc3 a6 6. Be3 e5 7.
Nb3 Be7 8. f3 O-O 9. Qd2 Be6 10.
O-O-O a5 11. a4 Nc6 12. g4 Nb4 13. Kb1 Rc8 14. Rg1 d5 15. g5 Nxe4 16. fxe4 d4 17.
Nxd4 exd4 18. Bxd4 Qc7 19. Bb5 Rfd8 20. Qf2 Na6 21.
Bb6 Rxd1+ 22. Rxd1 Bc5 23. Bxc7 Bxf2 24. Bxa5 g6 25.
Rd8+ Rxd8 26. Bxd8 Nc5 27. b4 Nd7 28. Bxd7 Bxd7 29. a5 Kf8 30. Nd5 Ke8 31. Bb6 Bxb6 32. Nxb6 Bc6 33. e5 Ke7 34. c4 Ke6 35. b5 Be4+ 36. Kb2 Kxe5 37. Kc3 f5 38. gxf6 Kxf6 39. Kd4 Bg2 40. a6 bxa6 41. bxa6 Ke6 42. Nd5 1-0

[Event "*** Titled Tuesday Blitz"]
[Site "Chess.com"]
[Date "2018.09.04"]
[Round "1"]
[White "colemman"]
[Black "epccmelech"]
[Result "1-0"]
[WhiteElo "2461"]
[BlackElo "1635"]
[TimeControl "180+2"]
[EndTime "13:40:22 PDT"]
[Termination "colemman won by resignation"]

1. d4 Nf6 2. Nf3 c5 3. e3 cxd4 4. exd4 d5 5. c3 Nc6 6. Bf4 Bf5 7. Qb3 Qd7 8. Bb5 Rc8 9. Ne5 Qe6 10. Nd2 Nd7 11. O-O Ndxe5 12. Rfe1 a6 13. Rxe5 Qf6 14.
Bxc6+ bxc6 15. Qb7 g5 16. Bg3 h5 17. Re3 Bh6 18. Be5 1-0

[Event "*** Titled Tuesday Blitz"]
[Site "Chess.com"]
[Date "2018.09.04"]
[Round "1"]
[White "catalin009"]
[Black "AntonSmirnov"]
[Result "1-0"]
[WhiteElo "2458"]
[BlackElo "2825"]
[TimeControl "180+2"]
[EndTime "13:40:23 PDT"]
[Termination "catalin009 won by checkmate"]

1. e4 e5 2. Nf3 Nc6 3. Bb5 f5 4. Nc3 fxe4 5. Nxe4 d5 6. Nxe5 dxe4 7. Nxc6 Qg5 8. Ne5+ c6 9. d4 Qxg2 10. Bf1 Qxh1 11. Qh5+ g6 12. Nxg6 hxg6 13. Qxh8 Be6 14.
Qe5 Kd7 15. Bf4 Qf3 16. Be2 Qh1+ 17. Bf1 Qf3 18. Be2 Qh3 19. d5 Bxd5 20. O-O-O Qf5 21.
Rxd5+ cxd5 22. Bb5+ Kd8 23. Qe8# 1-0

[Event "*** Titled Tuesday Blitz"]
[Site "Chess.com"]
[Date "2018.09.04"]
[Round "1"]
[White "johnathan113"]
[Black "Spring199"]
[Result "1-0"]
[WhiteElo "2577"]
[BlackElo "2222"]
[TimeControl "180+2"]
[EndTime "13:40:24 PDT"]
[Termination "johnathan113 won by resignation"]

1. e4 e5 2. Nf3 Nc6 3. d4 exd4 4.
Nxd4 Nf6 5. Nxc6 bxc6 6. e5 Qe7 7. Qe2 Nd5 8. c4 Nb6 9. Nc3 a5 10. Qe4 g6 11. Bd3 Bg7 12. Bf4 O-O 13. h4 Qb4 14. O-O-O a4 15. a3 Qc5 16. h5 Ba6 17. hxg6 hxg6 18. Be3 Qxe5 19. Qh4 Rfe8 20. Qh7+ Kf8 21.
Bh6 Bxh6+ 22. Qxh6+ Qg7 23. Qf4 d6 24. c5 Bxd3 25.
Rxd3 Nd7 26. cxd6 Ne5 27. Rdh3 cxd6 28. Ne4 Nd3+ 29. Rxd3 Rab8 30. Qxd6+ Kg8 31. Nf6+ 1-0

[Event "*** Titled Tuesday Blitz"]
[Site "Chess.com"]
[Date "2018.09.04"]
[Round "1"]
[White "VladDobrov"]
[Black "r31415"]
[Result "1-0"]
[WhiteElo "2716"]
[BlackElo "2369"]
[TimeControl "180+2"]
[EndTime "13:40:47 PDT"]
[Termination "VladDobrov won by resignation"]

1. d4 d6 2. Nf3 f5 3. Nc3 Nf6 4. Bg5 g6 5. Bxf6 exf6 6. e3 Be6 7. d5 Bf7 8. h4 a6 9. h5 Bg7 10. h6 Bf8 11. Nd4 Nd7 12. Be2 Nc5 13. Bf3 Qd7 14.
a4 Rb8 15. b4 Ne4 16. Nxe4 fxe4 17. Bxe4 Qe7 18. Bf3 Qe5 19. c4 Qg5 20. Bg4 Bxh6 21. f4 Qxg4 22. Qxg4 f5 23. Qh4 Bg7 24. O-O-O h6 25.
g4 fxg4 26. Qxg4 O-O 27. Ne6 1-0

[Event "*** Titled Tuesday Blitz"]
[Site "Chess.com"]
[Date "2018.09.04"]
[Round "1"]
[White "GeorgMeier"]
[Black "amiralfio"]
[Result "0-1"]
[WhiteElo "2824"]
[BlackElo "2453"]
[TimeControl "180+2"]
[EndTime "13:40:52 PDT"]
[Termination "amiralfio won by checkmate"]

1. Nf3 c5 2. g3 Nc6 3. Bg2 e5 4. d3 g6 5. c4 Bg7 6. Nc3 d6 7.
O-O Nge7 8. a3 O-O 9. Rb1 a5 10.
Ne1 f5 11. Nc2 Be6 12. b4 axb4 13. axb4 Rb8 14. Nd5 Bxd5 15. cxd5 Nxb4 16. Nxb4 cxb4 17. Rxb4 Qa5 18. Qb3 b5 19. Bg5 Bf6 20. Be3 Rb7 21.
Rb1 Rfb8 22. h4 Kg7 23. Bf3 h6 24. Kg2 g5 25. hxg5 hxg5 26. g4 e4 27. dxe4 f4 28. Bd2 Qa7 29. e5 Bxe5 30. Be4 Rh8 31. Rxb5 Rxb5 32.
Qxb5 f3+ 33. Kg1 Rh1+ 34. Kxh1 Qxf2 35. Bxf3 Qh2# 0-1

[Event "*** Titled Tuesday Blitz"]
[Site "Chess.com"]
[Date "2018.09.04"]
[Round "1"]
[White "luizzy"]
[Black "A-Fier"]
[Result "0-1"]
[WhiteElo "2407"]
[BlackElo "2759"]
[TimeControl "180+2"]
[EndTime "13:40:52 PDT"]
[Termination "A-Fier won by checkmate"]

1. d4 Nf6 2. c4 g6 3. Nc3 d5 4. cxd5 Nxd5 5. e4 Nxc3 6. bxc3 Bg7 7. Qa4+ Qd7 8. Qa3 O-O 9. Nf3 b6 10. Bg5 c5 11. Rd1 Qc7 12. Bd3 Bg4 13. O-O Bxf3 14.
gxf3 Nc6 15. d5 Ne5 16. Be2 f5 17. c4 f4 18. Qc1 h6 19. Bxf4 Nxf3+ 20. Bxf3 Rxf4 21.
Bg2 Be5 22. h3 Raf8 23. Rd3 g5 24. Qd1 Qd6 25. Rf3 Rxf3 26. Bxf3 Bd4 27. Bg4 Qg3+ 28. Kh1 Bxf2 29. Qe2 Kg7 30. e5 Bd4 31. Rxf8 Qg1# 0-1

[Event "*** Titled Tuesday Blitz"]
[Site "Chess.com"]
[Date "2018.09.04"]
[Round "1"]
[White "Kriari"]
[Black "Alopekos"]
[Result "1-0"]
[WhiteElo "2831"]
[BlackElo "2430"]
[TimeControl "180+2"]
[EndTime "13:40:59 PDT"]
[Termination "Kriari won by resignation"]

1. e4 e5 2. Nf3 Nc6 3. Bc4 Nf6 4. d3 Be7 5. O-O O-O 6. a4 d6 7. c3 Kh8 8. Ng5 Qe8 9. f4 h6 10. Nf3 exf4 11. Bxf4 Nh5 12. Be3 f5 13. Nbd2 f4 14. Bf2 g5 15. Nd4 Ne5 16. Be6 Nxd3 17. Bxc8 Nxf2 18.
Rxf2 Rxc8 19. Nf5 Ng7 20. Nxh6 d5 21. Kh1 dxe4 22. Nxe4 Qg6 23. Ng4 Qxe4 24. Re2 Qg6 25. Rxe7 Nf5 26. Ne5 Qh6 27. Nf7+ Rxf7 28. Rxf7 Ng3+ 29.
Kg1 Qb6+ 30. Qd4+ Qxd4+ 31. cxd4 Ne2+ 32. Kf2 Nxd4 33. Rd1 c5 34. Rxb7 a5 35. Re1 1-0

[Event "*** Titled Tuesday Blitz"]
[Site "Chess.com"]
[Date "2018.09.04"]
[Round "1"]
[White "Synctel"]
[Black "Smashyou104"]
[Result "0-1"]
[WhiteElo "1911"]
[BlackElo "2467"]
[TimeControl "180+2"]
[EndTime "13:41:03 PDT"]
[Termination "Smashyou104 won by resignation"]

1. e4 c6 2. d4 d5 3. e5 c5 4.
dxc5 e6 5. Be3 Nd7 6. Nf3 Bxc5 7. Bxc5 Nxc5 8. Be2 Ne7 9. O-O O-O 10. Nc3 Ng6 11.
Re1 Bd7 12. Bf1 Rc8 13. g3 Qb6 14. Rb1 Rfd8 15. Qc1 Na4 16. Nxa4 Bxa4 17. c3 Ne7 18. Qf4 Bc2 19. Rbc1 Bg6 20. Qd2 Nc6 21. Bd3 Be4 22.
Ng5 Bxd3 23. Qxd3 g6 24. Nf3 Qxb2 25. Rb1 Qxa2 26. Rxb7 Qc4 27. Qe3 Rb8 28. Reb1 Qe4 29.
Rxb8 Nxb8 30. Qg5 Qxb1+ 31. Kg2 Rc8 0-1

[Event "*** Titled Tuesday Blitz"]
[Site "Chess.com"]
[Date "2018.09.04"]
[Round "1"]
[White "Elshan1985"]
[Black "Bauxi435"]
[Result "1-0"]
[WhiteElo "2712"]
[BlackElo "2362"]
[TimeControl "180+2"]
[EndTime "13:41:05 PDT"]
[Termination "Elshan1985 won by checkmate"]

1. Nf3 c5 2. g3 b6 3. Bg2 Bb7 4. O-O e6 5. c4 Qc7 6. b3 d6 7. Bb2 Nd7 8. Nc3 Ngf6 9. Re1 Be7 10. e4 O-O 11. d4 cxd4 12. Nxd4 a6 13. Rc1 Rac8 14. h3 Qb8 15. g4 Qa8 16. g5 Ne8 17. h4 Bd8 18. Nde2 Bc7 19. Ng3 Ne5 20. f4 Ng6 21. Qg4 d5 22. exd5 Nxf4 23. Be4 f5 24. Nxf5 exf5 25. Bxf5 Rd8 26. Ne4 Nd3 27. Bxh7+ Kxh7 28. Qh5+ Kg8 29. g6 Rf4 30. Qh7+ Kf8 31. Bxg7+ Nxg7 32. Qh8+ Ke7 33. Qxg7+ Ke8 34. Nd6# 1-0

[Event "*** Titled Tuesday Blitz"]
[Site "Chess.com"]
[Date "2018.09.04"]
[Round "1"]
[White "MikaelyanArman"]
[Black "TastyFrenchFries"]
[Result "1-0"]
[WhiteElo "2679"]
[BlackElo "2335"]
[TimeControl "180+2"]
[EndTime "13:41:05 PDT"]
[Termination "MikaelyanArman won by resignation"]

1. e4 e6 2. d4 d5 3. Nc3 Bb4 4. Ne2 Nf6 5. a3 Be7 6. Qd3 dxe4 7. Nxe4 Nxe4 8. Qxe4 Qd5 9. Qxd5 exd5 10. Bf4 c6 11. Ng3 Be6 12. Bd3 Nd7 13. O-O-O O-O 14. Nf5 Bf6 15.
Nd6 Bxd4 16. Bxh7+ Kxh7 17. Rxd4 b6 18. Re1 c5 19. Rd3 g6 20. Nb5 Nf6 21. Nc7 Bf5 22. Rd2 Rad8 23. Bg5 Rd7 24. Bxf6 Rxc7 25. Rxd5 Rc6 26.
Bc3 Re6 27. Rxe6 Bxe6 28. Rd6 g5 29. Rc6 Rc8 30. Rd6 Kg6 31. Kd2 Kf5 32. Ke3 Rh8 33. Bxh8 1-0

[Event "*** Titled Tuesday Blitz"]
[Site "Chess.com"]
[Date "2018.09.04"]
[Round "1"]
[White "Evandro_Barbosa"]
[Black "indfraeng"]
[Result "1-0"]
[WhiteElo "2466"]
[BlackElo "1956"]
[TimeControl "180+2"]
[EndTime "13:41:14 PDT"]
[Termination "Evandro_Barbosa won by checkmate"]

1. e4 c6 2. d4 d5 3. exd5 cxd5 4. Bd3 Nc6 5. c3 Qc7 6. Ne2 Bg4 7. O-O Nf6 8. Qe1 e5 9. dxe5 Nxe5 10. Bb5+ Nfd7 11.
Nd4 Bd6 12. f4 O-O 13. fxe5 Bxe5 14. Qh4 Be6 15. Bf4 Bxf4 16. Qxf4 Qxf4 17. Rxf4 Ne5 18. Nd2 g5 19. Rff1 a6 20. Be2 Nc6 21. Nxc6 bxc6 22.
Nb3 Rac8 23. Nc5 a5 24. a4 Rfe8 25. Rfe1 Bf5 26. Bd3 Bxd3 27. Nxd3 f6 28. Rxe8+ Rxe8 29. Re1 Rb8 30. b4 d4 31. cxd4 axb4 32. Rb1 b3 33.
Rb2 Rd8 34. Rxb3 Rxd4 35. Ra3 Rd8 36. a5 Kf7 37. a6 Ke7 38. a7 Ra8 39. Kf2 Kd6 40.
Ke3 f5 41. Kd4 f4 42. Ra5 h6 43.
Kc4 Ke6 44. Ra6 Kd7 45. Ne5+ Kc7 46. Rxc6+ Kb7 47. Rxh6 Rxa7 48. Rh7+ Ka6 49. Rxa7+ Kxa7 50. Kd4 Kb6 51. Ke4 Kc5 52. Kf5 Kd5 53. Nf3 g4 54. Kxg4 Ke4 55. h4 Ke3 56. h5 Kf2 57.
Kxf4 Kxg2 58. h6 Kh3 59. h7 Kg2 60. h8=Q Kf1 61. Qh1+ Ke2 62. Qe1+ Kd3 63. Qe3+ Kc4 64. Qd2 Kc5 65. Qd3 Kc6 66. Qd4 Kc7 67. Qd5 Kc8 68.
Qf7 Kb8 69. Ke5 Ka8 70. Kd6 Kb8 71. Kc6 Ka8 72. Qb7# 1-0

[Event "*** Titled Tuesday Blitz"]
[Site "Chess.com"]
[Date "2018.09.04"]
[Round "1"]
[White "ddtru"]
[Black "PaulfromSPb"]
[Result "0-1"]
[WhiteElo "2290"]
[BlackElo "2637"]
[TimeControl "180+2"]
[EndTime "13:41:19 PDT"]
[Termination "PaulfromSPb won by resignation"]

1. Nf3 Nf6 2. c4 e6 3. Nc3 Bb4 4. Qc2 O-O 5. g3 d5 6. a3 Be7 7. cxd5 exd5 8. d4 Bg4 9. Bg2 c6 10. O-O Nbd7 11. Bf4 Nh5 12. Be3 Nhf6 13. Ne5 Bh5 14.
Rad1 Re8 15. f4 Ng4 16. Nxg4 Bxg4 17. h3 Bxa3 18. Bf2 Bf5 19. Qxf5 Bxb2 20. Nb1 Rxe2 21. Rfe1 Rxe1+ 22. Rxe1 Nf8 23. Qc2 Qb6 24. Re2 Ba1 25.
Qa2 Bxd4 26. Bxd4 Qxd4+ 27. Kh2 a5 28. Nd2 a4 29. Nf3 Qc4 30. Ne5 Qxa2 31. Rxa2 f6 32. Nd3 Nd7 33. Nb4 Kf7 34. Nxd5 cxd5 35. Bxd5+ Ke7 36. Bxb7 Ra7 37. Bc6 a3 38. Re2+ Kd6 39. Bxd7 Kxd7 40. Ra2 Kc6 41. Kg2 Kc5 42. Kf2 Kb4 0-1

[Event "*** Titled Tuesday Blitz"]
[Site "Chess.com"]
[Date "2018.09.04"]
[Round "1"]
[White "KhalilMousavi77"]
[Black "Mistheoretical"]
[Result "1-0"]
[WhiteElo "2755"]
[BlackElo "2403"]
[TimeControl "180+2"]
[EndTime "13:41:22 PDT"]
[Termination "KhalilMousavi77 won by resignation"]

1. e4 e6 2. d4 d5 3. Nc3 Bb4 4. Ne2 Nf6 5. e5 Nfd7 6. f4 b6 7. a3 Bf8 8. Be3 Ba6 9. Ng3 Bxf1 10. Rxf1 g6 11. f5 gxf5 12. Qh5 c6 13. O-O-O Na6 14. Nxf5 exf5 15. e6 Qe7 16. exd7+ Kxd7 17. Rde1 Qe6 18. Rxf5 Re8 19. Rxf7+ Re7 20. Rxe7+ Bxe7 21. Bf2 Qf6 22. Qg4+ Kd8 23. Rxe7 1-0

[Event "*** Titled Tuesday Blitz"]
[Site "Chess.com"]
[Date "2018.09.04"]
[Round "1"]
[White "pouya21"]
[Black "Pilopa"]
[Result "1-0"]
[WhiteElo "2651"]
[BlackElo "2315"]
[TimeControl "180+2"]
[EndTime "13:41:22 PDT"]
[Termination "pouya21 won by resignation"]

1. e4 Nc6 2. d4 d5 3. e5 f6 4. f4 Nh6 5. Nf3 Bf5 6. Be3 e6 7. Nbd2 Be7 8. Bb5 O-O 9. O-O Ng4 10. Re1 Nb4 11. Ba4 c5 12. a3 Nc6 13. c3 Qb6 14.
Bxc6 bxc6 15. dxc5 Nxe3 16. cxb6 Nxd1 17. Raxd1 axb6 18.
Nd4 fxe5 19. Rxe5 Bc5 20. Nb3 Bc2 21. Nxc5 Bxd1 22. Ncxe6 Rf6 23. Nxc6 Bg4 24. f5 Bxf5 25. Ne7+ Kf7 26. Ng5+ Kf8 27. Nxf5 Kg8 28. Ne7+ Kf8 29. Nxh7+ Kf7 30. Nxf6 gxf6 31. Re3 d4 32. cxd4 1-0

[Event "*** Titled Tuesday Blitz"]
[Site "Chess.com"]
[Date "2018.09.04"]
[Round "1"]
[White "jefferyx"]
[Black "ajkom197"]
[Result "1-0"]
[WhiteElo "2731"]
[BlackElo "2388"]
[TimeControl "180+2"]
[EndTime "13:41:27 PDT"]
[Termination "jefferyx won by resignation"]

1. Nf3 d5 2. d4 Nf6 3. c4 c6 4. cxd5 cxd5 5. Nc3 Nc6 6. Bf4 Bf5 7. e3 e6 8. Qb3 Bb4 9. Bb5 O-O 10.
Bxc6 Bxc3+ 11. Qxc3 bxc6 12. O-O Qb6 13. Qa3 Rfc8 14. Bd6 Ne4 15. Bc5 Nxc5 16. dxc5 Qb5 17. Nd4 Qd3 18. Qa5 h6 19. Rfd1 Qe4 20. b4 e5 21. Nxf5 Qxf5 22. a4 a6 23. Qb6 Qd7 24. h3 Rcb8 25. Qa5 Rb7 26. b5 cxb5 27. axb5 Rxb5 28.
Qa4 Qc6 29. Rac1 Rc8 30. Qa2 Rxc5 31. Rxc5 Qxc5 32. Rxd5 Qc1+ 33. Kh2 Qc7 34. Qxa6 Rd8 35. Qa5 Rxd5 36. Qxc7 1-0

[Event "*** Titled Tuesday Blitz"]
[Site "Chess.com"]
[Date "2018.09.04"]
[Round "1"]
[White "mjray79"]
[Black "Gr3egor"]
[Result "0-1"]
[WhiteElo "2053"]
[BlackElo "2482"]
[TimeControl "180+2"]
[EndTime "13:41:29 PDT"]
[Termination "Gr3egor won by resignation"]

1. d4 Nf6 2. c4 e6 3. g3 c5 4. d5 exd5 5. cxd5 d6 6. Nc3 g6 7. Bg2 Bg7 8. Nf3 O-O 9. O-O Re8 10. Re1 a6 11. a4 Nbd7 12. e4 Nh5 13. Bg5 Qb6 14. Qc2 Ne5 15. Rab1 Bg4 16. Nxe5 Bxe5 17. Be3 Bd4 18. Bxd4 cxd4 19. Ne2 Rac8 20. Qd3 Qb4 21.
Qxd4 Rc4 22. Qd3 Rec8 23. b3 Rc2 24. Nd4 Rd2 25. Nc6 bxc6 26. Qxa6 c5 27. Bf3 Qd4 28. Re3 Bh3 29. g4 Rb8 30. gxh5 c4 31. Qxd6 Rxb3 32.
Rexb3 Qxf2+ 33. Kh1 Bg2+ 0-1

[Event "*** Titled Tuesday Blitz"]
[Site "Chess.com"]
[Date "2018.09.04"]
[Round "1"]
[White "Rashad_Zeynalli"]
[Black "yosephtaher"]
[Result "0-1"]
[WhiteElo "2338"]
[BlackElo "2688"]
[TimeControl "180+2"]
[EndTime "13:41:32 PDT"]
[Termination "yosephtaher won by resignation"]

1. d4 Nf6 2. Bf4 g6 3. e3 Bg7 4.
Nf3 O-O 5. Be2 d6 6. O-O Nbd7 7. h3 b6 8. a4 a6 9. Bh2 Bb7 10. Nbd2 Re8 11. Nc4 e6 12. b4 Qe7 13. c3 Ne4 14. Qc2 e5 15. Rfd1 Rad8 16. d5 f5 17. a5 b5 18. Nb2 Ndf6 19. c4 Kh8 20. cxb5 Nxd5 21. Qb3 Ndc3 22. Bf1 Nxb5 23. Rac1 c6 24. Na4 h6 25.
Nb6 d5 26. Bxb5 axb5 27. Ra1 Nd6 28. a6 Ba8 29. a7 Nc4 30. Nxc4 bxc4 31. Qb2 Rd7 32.
b5 e4 33. Nd4 c5 34. Nc6 Bxb2 35. Nxe7 Rexe7 36. Rab1 c3 37. b6 c2 0-1

[Event "*** Titled Tuesday Blitz"]
[Site "Chess.com"]
[Date "2018.09.04"]
[Round "1"]
[White "danyuffa"]
[Black "volcanoexplorer"]
[Result "1-0"]
[WhiteElo "2666"]
[BlackElo "2330"]
[TimeControl "180+2"]
[EndTime "13:41:39 PDT"]
[Termination "danyuffa won by resignation"]

1. d4 Nf6 2. c4 e6 3. g3 d5 4. Bg2 Bb4+ 5. Bd2 Bd6 6. Nc3 c6 7. e4 dxe4 8. Nxe4 Nxe4 9. Bxe4 Nd7 10. Nf3 Nf6 11. Bc2 b6 12. Qe2 Bb7 13. O-O-O Qc7 14.
Ne5 O-O-O 15. Rhe1 c5 16. dxc5 Bxe5 17. Qxe5 Qxe5 18.
Rxe5 Nd7 19. Rg5 Nxc5 20. Rxg7 Bf3 21. Re1 Rd7 22. Rxh7 Rhd8 23. Bg5 Rg8 24. Be3 Ne4 25. Bd1 Nf6 26. Rh4 Be4 27. Rf4 Rg6 28. h4 Bf5 29. h5 Rg8 30. h6 Rc7 31. b3 Nd5 32. Rd4 Nxe3 33. Rxe3 Rh8 34. Rh4 Rd7 35. g4 Bg6 36. Bc2 f5 37. g5 Rhd8 38. Rxe6 Bf7 39. Rf6 Re7 40. Bxf5+ Kb8 41. Re4 Rxe4 42. Bxe4 Bh5 43. h7 1-0

[Event "*** Titled Tuesday Blitz"]
[Site "Chess.com"]
[Date "2018.09.04"]
[Round "1"]
[White "Fins0905"]
[Black "akretchetov"]
[Result "1-0"]
[WhiteElo "2594"]
[BlackElo "2237"]
[TimeControl "180+2"]
[EndTime "13:41:40 PDT"]
[Termination "Fins0905 won by resignation"]

1. d4 Nf6 2. c4 c6 3. Nf3 d5 4.
cxd5 cxd5 5. Nc3 Nc6 6. Bf4 Ne4 7. e3 Nxc3 8. bxc3 g6 9. Ne5 Qa5 10. Qb3 Bg7 11. Bb5 Bxe5 12. Bxe5 O-O 13. Bg3 Bd7 14. Be2 Rac8 15. O-O b6 16. Rfc1 Nb8 17.
c4 dxc4 18. Bxc4 Qf5 19. h3 Nc6 20. Ba6 Na5 21. Qb4 Rxc1+ 22. Rxc1 Nc6 23. Qa3 h5 24. Bb7 Na5 25. Bf3 Rc8 26. Rxc8+ Bxc8 27. Qxe7 Be6 28. Be5 Kh7 29. Qf8 1-0

[Event "*** Titled Tuesday Blitz"]
[Site "Chess.com"]
[Date "2018.09.04"]
[Round "1"]
[White "Haykos"]
[Black "Saitama_Hero"]
[Result "1-0"]
[WhiteElo "2532"]
[BlackElo "2185"]
[TimeControl "180+2"]
[EndTime "13:41:42 PDT"]
[Termination "Haykos won by resignation"]

1. e4 c5 2. Nf3 d6 3. Bb5+ Bd7 4. Bxd7+ Qxd7 5. O-O Nf6 6. e5 dxe5 7. Nxe5 Qc7 8. d4 cxd4 9. Bf4 Qb6 10. Nd2 Nc6 11.
Ndc4 Qa6 12. Nxc6 Qxc4 13. Nxd4 e6 14. b3 Qc8 15. Nb5 Nd5 16. Nd6+ Bxd6 17. Bxd6 Qc6 18.
Ba3 O-O-O 19. Qf3 Rd7 20. Rfd1 Rhd8 21. c4 Nf6 22. Qxc6+ bxc6 23. Rxd7 Rxd7 24. Bc5 Ne4 25. Be3 f6 26. Kf1 Kb7 27. f3 Nd6 28. Rd1 e5 29.
c5 1-0